 Dungeon Crawl Stone Soup version 0.29.1-2-gbd0b4ee654 (webtiles) character file.

Game seed: 6617709443266048696

37 GorkyZ the Caller (level 3, -7/19 HPs)
             Began as a Deep Elf Summoner on Nov 24, 2022.
             Was an Initiate of Gozag.
             Killed from afar by Sigmund (19 damage)
             ... with a bolt of dispelling energy
             ... on level 2 of the Dungeon.
             The game lasted 00:09:05 (2329 turns).

GorkyZ the Caller (Deep Elf Summoner)               Turns: 2329, Time: 00:09:07

Health: -7/19      AC:  5    Str:  5    XL:     3   Next: 23%
Magic:  6/10       EV: 17    Int: 21    God:    Gozag
Gold:   122        SH:  0    Dex: 15    Spells: 0/9 levels left

rFire   . . .      SeeInvis .   d - +0 short sword
rCold   . . .      Faith    .   (no shield)
rNeg    . . .      Spirit   .   a - +0 robe
rPois   .          Reflect  .   (no helmet)
rElec   .          Harm     .   g - +1 cloak
rCorr   .          Rampage  .   (no gloves)
Will    .....                   e - +0 pair of boots
Stlth   ++........              h - amulet of regeneration
HPRegen 0.86/turn               l - +4 ring of evasion
MPRegen 0.12/turn               (no ring)

@: no status effects
A: no striking features
a: Renounce Religion, Potion Petition, Call Merchant, Bribe Branch


You were on level 2 of the Dungeon.
You worshipped Gozag.
Gozag was aware of your devotion.
You visited 1 branch of the dungeon, and saw 2 of its levels.

You collected 171 gold pieces.
You paid 49 gold pieces to Gozag.

Inventory:

Hand Weapons
 d - a +0 short sword (weapon)
Armour
 a - a +0 robe (worn)
 e - a +0 pair of boots (worn)
 g - a +1 cloak (worn)
Jewellery
 h - an amulet of regeneration (around neck)
 l - a +4 ring of evasion (left hand)
Scrolls
 f - a scroll of noise {unknown}
 i - 2 scrolls of identify {unknown}
 j - 2 scrolls of vulnerability {unknown}
 m - a scroll of teleportation {unknown}
 n - a scroll of immolation {unknown}
Potions
 b - a potion of magic
 c - 3 potions of curing {unknown}
 k - a potion of lignification {unknown}


   Skills:
 + Level 0.1 Fighting
 + Level 3.0 Dodging
 + Level 3.1 Stealth
 + Level 3.6 Spellcasting
 + Level 4.7 Summonings


You couldn't memorise any spells.
You knew the following spells:

 Your Spells              Type           Power      Damage    Failure   Level
a - Summon Small Mammal   Summ           92%        N/A       1%          1
b - Call Imp              Summ           23%        N/A       2%          2
c - Call Canine Familiar  Summ           23%        N/A       5%          3
d - Summon Guardian Gole  Hex/Summ       13%        N/A       14%         3

Your spell library contained the following spells:

 Spells                   Type           Power      Damage    Failure   Level
 Stone Arrow              Conj/Erth      6%         3d7       36%         3
 Animate Armour           Summ/Erth      26%        N/A       43%         4
 Summon Lightning Spire   Summ/Air       13%        N/A       43%         4
 Fireball                 Conj/Fire      1%         3d3       98%         5
 Iskenderun's Battlesphe  Conj           3%         2d6       98%         5
 Conjure Ball Lightning   Conj/Air       1%         3x3d6     100%        6
 Orb of Destruction       Conj           1%         9d5       100%        7
 Lehudib's Crystal Spear  Conj/Erth      1%         10d2      100%        8


Dungeon Overview and Level Annotations

Branches:
Dungeon (2/15)

Altars:
Gozag

Annotations:
D:2 Sigmund


Message History

Your quokka disappears in a puff of smoke!
Casting: Summon Guardian Golem (extremely dangerous; 14% risk of failure)
Confirm with . or Enter, or press ? or * to list all spells.
A shadowy apparition takes form in the air.
Your hound disappears in a puff of smoke!
Casting: Call Imp (safe; 2% risk of failure)
Confirm with . or Enter, or press ? or * to list all spells.
Okay, then.
You swap places.
You start resting.
Your shadow imp disappears in a puff of smoke!
Magic restored.
Sigmund shouts!
Sigmund zaps a wand.
The bolt of dispelling energy hits you!
Ouch! That really hurt!
You are too injured to fight recklessly!
You are too injured to fight recklessly!
Casting: Summon Small Mammal (safe; 1% risk of failure)
Confirm with . or Enter, or press ? or * to list all spells.
You don't know that spell.
Casting: Summon Small Mammal (safe; 1% risk of failure)
Confirm with . or Enter, or press ? or * to list all spells.
The spell is quite dangerous to miscast (5% risk of failure)!
Continue anyway? [Y]es or [N]o only, please.
The spell is quite dangerous to miscast (5% risk of failure)!
Continue anyway?
Your quokka closely misses Sigmund.
Sigmund zaps a wand.
The bolt of dispelling energy misses you.
Your quokka bites Sigmund.
Sigmund casts a spell.
Sigmund flickers and vanishes!
Your hound resists with significant effort.
You hear a zap.
A bolt of dispelling energy appears from out of thin air!
The bolt of dispelling energy hits your hound!
Your hound dies!
Your hound's corpse disappears in a puff of smoke!
The bolt of dispelling energy hits you!!
Ouch! That really hurt!
You die...
Your body crumbles into a pile of gold.

.#######
#§#....#
#.#...........#
.......#
#.######
#.#############
######.#
#.{....###.#
...<...#
######.#...#
##.##..#
#.##.##.##
.......#
#....##.#
^#.....#
#.#.....#
.#.....#
#.#.....# ####
.......#
#.#..@..# ....
......##
#.+.....# ....
#######
#.###....##
.... #......r.#
.... #####.§..#
.... ## #....##
.... .#
#.{...## ....
.# #.###..#
.... .#
#.b....# ....


You could see a friendly quokka (summoned).

Vanquished Creatures
  A dart slug (D:1)
  3 bats (D:1)
  An endoplasm (D:2)
  A goblin (D:1)
  2 hobgoblins (D:1)
  3 quokkas
  A ball python (D:1)
  2 frilled lizards
  A kobold (D:1)
  A rat (D:1)
16 creatures vanquished.

Vanquished Creatures (collateral kills)
  A worm (D:2)
  2 ball pythons
  A bat (D:2)
  3 endoplasms
  A hobgoblin (D:1)
  A quokka (D:1)
  A frilled lizard (D:2)
  2 kobolds (D:1)
  A rat (D:2)
13 creatures vanquished.

Grand Total: 29 creatures vanquished

Notes
Turn   | Place    | Note
-------+----------+-------------------------------------------
     0 | D:1      | GorkyZ the Deep Elf Summoner began the quest for the Orb.
     0 | D:1      | Reached XP level 1. HP: 10/10 MP: 6/6
   356 | D:1      | Reached XP level 2. HP: 13/15 MP: 5/8
  1651 | D:2      | Reached XP level 3. HP: 19/19 MP: 8/10
  1670 | D:2      | Learned a level 2 spell: Call Imp
  1674 | D:2      | Learned a level 3 spell: Call Canine Familiar
  1678 | D:2      | Learned a level 3 spell: Summon Guardian Golem
  2091 | D:2      | Found an opulent altar of Gozag.
  2099 | D:2      | Became a worshipper of Gozag Ym Sagoz the Greedy
  2192 | D:2      | Noticed Sigmund
  2329 | D:2      | Killed from afar by Sigmund

Illustrated notes

Levels and vault maps discovered:
D:1:      minmay_arrival_five_plusses, layout_basic
D:2:      layout_basic, basic_altar, serial_park_tiny_2,
          wander_ebering_terrifying_dragon_lair, uniq_sigmund

Skill      XL: |  1  2 |
---------------+-------+-----
Stealth        | 3 |  3.1
Dodging        | 3 |  3.0
Fighting       | |  0.1
Spellcasting   | |  3.6
Summonings     | |  4.7

Action                   || total
-------------------------++-------
Melee: Short sword       ||    75
 Cast: Summon Small Mamm ||    46
       Call Canine Famil ||     3
       Call Imp          ||     2
       Summon Guardian G ||     1
 Stab: Sleeping          ||     2
       Distracted        ||     1
Armor: Robe              ||    22
Dodge: Dodged            ||    54
